 Dungeon Crawl Stone Soup version 0.24.1 (webtiles) character file.

Game seed: 3784441195534828349, levelgen mode: deterministic

40 lepoulpe303 the Sneak (level 3, 0/16 HPs)
             Began as a Spriggan Enchanter on Mar 27, 2020.
             Slain by a worm (9 damage)
             ... on level 2 of the Dungeon.
             The game lasted 00:05:09 (1413 turns).

lepoulpe303 the Sneak (Spriggan Enchanter)          Turns: 1413, Time: 00:05:10

Health: 0/16       AC:  2    Str:  4    XL:     3   Next: 30%
Magic:  7/8        EV: 18    Int: 17    God:
Gold:   76         SH:  0    Dex: 16    Spells: 1/7 levels left

rFire    . . .     SeeInvis +   a - +1 dagger
rCold    . . .     Gourm    .   (shield restricted)
rNeg     . . .     Faith    .   b - +0 robe
rPois    .         Spirit   .   (helmet restricted)
rElec    .         Reflect  .   (no cloak)
rCorr    .         Harm     .   (gloves unavailable)
MR       .....                  (boots unavailable)
Stlth    +++.......             (no amulet)
HPRegen  0.05/turn              (no ring)
MPRegen  0.11/turn              (no ring)

@: very quick
A: very small, unfitting armour, see invisible, herbivore, speed 3, slow
metabolism 2
a: no special abilities


You were on level 2 of the Dungeon.
You were not hungry.

You visited 1 branch of the dungeon, and saw 2 of its levels.

You collected 76 gold pieces.

Inventory:

Hand Weapons
 a - a +1 dagger (weapon)
Armour
 b - a +0 robe (worn)
Scrolls
 c - 2 scrolls of immolation {unknown}
 h - a scroll of amnesia {unknown}
 i - 4 scrolls of identify
 j - a scroll of enchant armour {unknown}
Potions
 f - a potion of degeneration {unknown}
 g - a potion of heal wounds {unknown}
 k - a potion of mutation {unknown}
 q - a potion of curing
Comestibles
 e - 6 rations


   Skills:
 + Level 2.6 Short Blades
 - Level 3.0 Dodging
 + Level 5.7 Stealth
 - Level 2.6 Spellcasting
 - Level 3.6 Hexes


You had one spell level left.
You knew the following spells:

 Your Spells              Type           Power        Failure   Level  Hunger
a - Ensorcelled Hibernat  Hex/Ice        #.....       13%         2    ##.....
c - Confuse               Hex            ##......     12%         3    ###....
v - Corona                Hex            ##.....      4%          1    #......

Your spell library contained the following spells:

 Spells                   Type           Power        Failure   Level  Hunger
 Tukima's Dance           Hex            ##......     12%         3    ###....
 Dazzling Spray           Conj/Hex       #.....       26%         3    ###....


Dungeon Overview and Level Annotations

Branches:
Dungeon (2/15)

Altars:


Innate Abilities, Weirdness & Mutations

You are very small and have problems with some larger weapons.
You are too small for most types of armour.
You have supernaturally acute eyesight. (SInv)
You are a herbivore.
You cover ground extremely quickly.
You need to consume almost no food.


Message History

You closely miss the quokka. The quokka misses you.
You hit the quokka. The quokka closely misses you.
You closely miss the quokka. The quokka closely misses you.
You hit the quokka.
You kill the quokka!
You hit the worm. You hit the worm. The worm completely misses you.
You hit the worm. You hit the worm but do no damage. The worm bites you.
* * * LOW HITPOINT WARNING * * *
You take 4 damage, and have 9/16 hp.
MASSIVE DAMAGE!!
Aim: a worm (heavily wounded, chance to defeat MR: 60%)
The worm struggles to resist.
You now have 7/8 mp.
You hit the worm but do no damage. You hit the worm. The worm misses you.
You hit the worm but do no damage. The worm bites you!
Ouch! That really hurt!
You die...

#.###### #># #. #......#
#.# #. #.####.# ##..
#.######.# #.#####...
.........# #.........
#.######.# #..####... #.
#<# #..## ##..
##.######.# ##...## #.#
#...†w@...###...#.###.#
#..#.####..............#
...#...#
#.###>#.....#### #.# ...
##### #.# #...........
... . #.# #...##.#####
..# .. #.###.#.........
..# .. #.....####.#####
..#.. ####### #.# #
..#.# #.# #


You could see a worm.

Levels and vault maps discovered:
D:1:      minmay_arrival_up_and_down, layout_rooms, minmay_tall_x
D:2:      layout_loops_ring, led_sif_pool, first_ration

Notes
Turn   | Place    | Note
-------+----------+-------------------------------------------
     0 | D:1      | lepoulpe303 the Spriggan Enchanter began the quest for the
                  | Orb.
     0 | D:1      | Reached XP level 1. HP: 9/9 MP: 5/5
    41 | D:1      | Identified a +0 dagger
   306 | D:1      | Identified a +0 dagger
   310 | D:1      | Reached XP level 2. HP: 12/13 MP: 6/6
   318 | D:1      | Reached skill level 5 in Stealth
   323 | D:1      | Learned a level 2 spell: Ensorcelled Hibernation
   521 | D:1      | Reached skill level 2 in Short Blades
   535 | D:1      | Identified 6 scrolls of identify
   535 | D:1      | Identified a ring of intelligence (You found it on level 1
                  | of the Dungeon)
   537 | D:1      | Identified a potion of curing
   599 | D:2      | Identified a +0 club
   606 | D:2      | Identified a +0 dagger
   722 | D:2      | Identified a +0 club
   845 | D:2      | Identified a +0 club
   859 | D:2      | Reached XP level 3. HP: 11/16 MP: 8/8
   864 | D:2      | Learned a level 3 spell: Confuse
  1221 | D:2      | Identified a +0 club
  1332 | D:2      | Identified a +0 club
  1413 | D:2      | Slain by a worm

Table legend:
 A = Turns spent in this place as a percentage of turns spent in the entire game.
 B = Non-inter-level travel turns spent in this place as a percentage of non-inter-level travel turns spent in the entire game.
 C = Inter-level travel turns spent in this place as a percentage of turns spent in this place.
 D = Turns resting spent in this place as a percentage of non-inter-level travel turns spent in this place.
 E = Turns spent auto-exploring this place as a percentage of non-inter-level travel turns spent in this place.
 F = Non-inter-level travel turns spent in this place divided by the number of levels of this place that you've seen.
                   A       B       C       D       E      F
               +-------+-------+-------+-------+-------+----------------------
         Total | 100.0 | 100.0 |   2.8 |  31.7 |  39.4 | 687.0
       Dungeon | 100.0 | 100.0 |   2.8 |  31.7 |  39.4 | 687.0
               +-------+-------+-------+-------+-------+----------------------

Table legend:
 A = Kills in this place as a percentage of kills in entire the game.
 B = Kills by you in this place as a percentage of kills by you in the entire game.
 C = Kills by friends in this place as a percentage of kills by friends in the entire game.
 D = Other kills in this place as a percentage of other kills in the entire game.
 E = Experience gained in this place as a percentage of experience gained in the entire game.
 F = Experience gained in this place divided by the number of levels of this place that you have seen.
                   A       B       C       D       E      F
               +-------+-------+-------+-------+-------+----------------------
         Total | 100.0 | 100.0 |   N/A |   N/A | 100.0 |  29.0
       Dungeon | 100.0 | 100.0 |   N/A |   N/A | 100.0 |  29.0
               +-------+-------+-------+-------+-------+----------------------

Skill      XL: |  1  2 |
---------------+-------+-----
Stealth        | 5 |  5.7
Short Blades   | 2 |  2.6
Dodging        | |  3.0
Spellcasting   | |  2.6
Hexes          | |  3.6

Action                   || total
-------------------------++-------
Melee: Dagger            ||   145
 Cast: Corona            ||     2
       Confuse           ||     1
  Use: Scroll            ||     2
 Stab: Sleeping          ||     9
Armor: Robe              ||     8
Dodge: Dodged            ||   113

Vanquished Creatures
  An ooze (D:1)
  A worm (D:2)
  A dart slug (D:2)
  2 giant cockroaches
  4 goblins
  3 hobgoblins (D:2)
  4 kobolds
  2 quokkas (D:2)
  A ball python (D:2)
  4 bats (D:1)
  A frilled lizard (D:1)
  6 rats
30 creatures vanquished.
